Map: Berlingrad LE

Players

HeroMarine - Winner!

  • Race: Terran Terran
  • League: Master

MaxPax

  • Race: Protoss Protoss
  • League: Grandmaster

Event: DreamHack SC2 Masters Last Chance 2022

VOD

Have the link to the VOD?

Description

Time

  • Played on: Dec. 17, 2021, 3:27 p.m.
  • Length: 10:09

All games in this series

Show
View Real Time Build Order
Export as new Build Order

HeroMarine Terran - Winner!

Build Orders: Reaper Expand 

Get SALT Encoding   

  12  0:00  SCV  
  13  0:12  SCV  
  14  0:17  Supply Depot  
  14  0:24  SCV  
  15  0:39  SCV  
  15  0:40  Barracks  
  16  0:43  Refinery  
  16  0:51  SCV  
  17  1:03  SCV  
  18  1:15  SCV  
  19  1:27  Reaper, Orbital Command  
  20  1:40  Command Center  
  20  1:51  Supply Depot  
  20  1:53  SCV  
  21  1:59  Barracks Reactor  
  21  2:01  Refinery  
  21  2:05  SCV  
  22  2:17  SCV  
  22  2:20  Factory  
  22  2:21  Bunker  
  23  2:29  SCV  
  24  2:36  Marine x2  
  26  2:41  SCV  
  26  2:53  SCV  
  26  2:54  Marine x2, Orbital Command  
  29  3:05  SCV  
  29  3:08  Starport  
  29  3:12  Factory Tech Lab  
  29  3:17  SCV  
  30  3:21  SCV  
  30  3:23  Marine x2  
  33  3:29  SCV  
  33  3:32  Siege Tank  
  33  3:33  SCV  
  38  3:37  Supply Depot  
  38  3:42  SCV, Marine  
  38  3:43  Marine  
  38  3:45  SCV  
  38  3:46  Starport Tech Lab  
  42  3:54  SCV  
  43  3:57  SCV  
  44  4:06  SCV  
  44  4:09  SCV, Siege Tank, Barracks  
  49  4:13  Supply Depot  
  49  4:16  Raven  
  51  4:18  SCV  
  51  4:21  SCV  
  51  4:22  Barracks  
  53  4:24  Engineering Bay  
  53  4:30  SCV  
  54  4:31  Refinery  
  54  4:35  SCV, Marine x2  
  57  4:41  Siege Tank  
  57  4:43  Supply Depot, SCV  
  61  4:47  SCV  
  62  4:57  Supply Depot  
  62  5:01  Terran Infantry Weapons Level 1  
  62  5:04  SCV x2, Marine x3  
  67  5:07  Supply Depot  
  67  5:10  Stimpack  
  67  5:17  SCV x2  
  69  5:22  Marine x3  
  69  5:23  Factory Tech Lab  
  69  5:24  Marine  
  69  5:25  Combat Shield  
  73  5:29  SCV x2  
  73  5:32  Supply Depot, Refinery  
  72  5:40  Marine x3  
  72  5:41  SCV x2  
  72  5:42  Marine  
  75  5:46  Siege Tank  
  77  5:53  SCV  
  77  5:56  Supply Depot  
  78  5:58  Marauder, Marine x2, Starport Reactor  
  78  6:01  Marauder  
  84  6:09  SCV  
  84  6:10  SCV  
  82  6:15  Marine x2  
  73  6:19  Siege Tank  
  73  6:20  Marauder  
  73  6:21  Barracks  
  73  6:22  Marauder, Barracks  
  76  6:26  SCV  
  76  6:29  SCV  
  76  6:33  Marine x2  
  76  6:38  SCV  
  76  6:41  Marauder, SCV  
  76  6:43  Marine  
  79  6:50  Medivac x2  
  79  6:51  Marine x2  
  79  6:53  Siege Tank  
  88  7:03  SCV x2  
  88  7:04  Command Center  
  88  7:05  Marauder  
  88  7:06  Marauder  
  94  7:09  Marine x2  
  93  7:15  SCV  
  93  7:16  SCV  
  93  7:23  Medivac x2  
  93  7:27  Marine  
  93  7:28  SCV, Concussive Shells  
  93  7:29  SCV  
  100  7:33  Marauder  
  102  7:37  Barracks Tech Lab  
  102  7:38  Barracks Reactor  
  102  7:39  Supply Depot  
  102  7:40  Marauder, SCV  
  102  7:41  SCV  
  102  7:43  Marine  
  103  7:52  SCV  
  103  7:53  SCV  
  103  7:54  Marauder  
  103  7:56  Marine x2  
  106  7:59  Factory Reactor  
  106  8:01  Marauder, Terran Infantry Armor Level 1  
  106  8:04  SCV, Marine  
  110  8:05  SCV  
  111  8:13  Marine  
  111  8:14  Marine  
  111  8:15  Marauder  
  111  8:16  Marine x2  
  117  8:22  Marine  
  117  8:23  Marauder, SCV x2  
  122  8:27  Medivac  
  122  8:29  Medivac  
  122  8:31  Marine x2  
  122  8:33  Marine  
  122  8:34  Marine  
  129  8:36  Marine  
  129  8:39  SCV x2  
  129  8:40  Marine  
  119  8:44  Widow Mine, Marine  
  108  8:49  Marine  
  108  8:50  Marauder  
  108  8:51  SCV x2, Marine x2  
  108  8:53  Orbital Command  
  114  8:57  Medivac  
  114  9:02  Marauder x2  
  120  9:05  Marine  
  120  9:07  Marine  
  122  9:11  Marauder  
  122  9:13  Ghost Academy, Marine x2  
  126  9:19  Widow Mine  
  126  9:21  Widow Mine, Medivac  
  126  9:23  Marine  
  133  9:28  Marine  
  133  9:29  Marauder, Missile Turret, Medivac  
  138  9:31  Marine x3  
  138  9:35  Missile Turret  
  141  9:45  Marauder  
  141  9:47  Marine  
  141  9:49  Marine  
  141  9:50  Marine  
Show
View Real Time Build Order
Export as new Build Order

MaxPax Protoss 

Build Orders: 1 Gate Expand, Blink Stalkers, Zealot Archon 

Get SALT Encoding   

  12  0:00  Probe  
  13  0:12  Probe  
  14  0:17  Pylon  
  14  0:24  Probe (Chrono Boost)  
  16  0:36  Gateway, Probe (Chrono Boost)  
  16  0:43  Probe (Chrono Boost)  
  16  0:45  Assimilator  
  17  0:51  Probe  
  18  1:03  Probe  
  19  1:15  Probe  
  20  1:22  Cybernetics Core  
  20  1:30  Nexus  
  20  1:33  Probe  
  21  1:40  Pylon  
  21  1:45  Probe  
  22  1:48  Assimilator  
  22  1:56  Adept (Chrono Boost)  
  22  1:58  Probe  
  22  2:00  Warp Gate  
  25  2:08  Shield Battery  
  25  2:11  Probe  
  25  2:17  Stalker (Chrono Boost)  
  27  2:23  Probe  
  28  2:33  Twilight Council  
  28  2:36  Probe  
  29  2:43  Probe  
  30  2:48  Probe  
  31  2:55  Probe (Chrono Boost)  
  32  3:04  Blink (Chrono Boost), Probe (Chrono Boost)  
  32  3:05  Gateway  
  33  3:07  Probe (Chrono Boost)  
  34  3:16  Probe x2 (Chrono Boost)  
  36  3:22  Probe  
  36  3:25  Probe  
  38  3:34  Probe  
  39  3:36  Gateway  
  39  3:37  Probe  
  39  3:38  Gateway  
  40  3:46  Probe  
  41  3:50  Robotics Facility  
  41  3:52  Probe  
  42  3:58  Probe  
  43  4:04  Probe  
  43  4:05  Stalker  
  43  4:06  Stalker  
  46  4:10  Pylon  
  46  4:15  Assimilator  
  46  4:19  Assimilator  
  46  4:28  Probe x2  
  46  4:30  Pylon  
  48  4:33  Pylon  
  48  4:34  Warp Prism (Chrono Boost)  
  48  4:38  Stalker x2  
  52  4:44  Pylon  
  54  4:48  Probe x2  
  54  4:50  Stalker x2  
  60  5:03  Probe  
  60  5:04  Stalker x2  
  60  5:06  Probe  
  66  5:15  Observer  
  67  5:23  Stalker x2  
  67  5:27  Stalker x2  
  73  5:38  Probe  
  66  5:49  Nexus  
  66  5:50  Stalker x3  
  66  5:51  Stalker  
  74  5:58  Pylon  
  74  6:05  Probe  
  71  6:21  Stalker x4  
  67  6:27  Probe  
  67  6:30  Probe  
  67  6:31  Charge  
  65  6:39  Probe  
  66  6:40  Templar Archives  
  66  6:42  Probe  
  66  6:43  Observer  
  66  6:47  Stalker x4  
  67  6:51  Probe  
  72  6:55  Pylon  
  72  6:56  Probe  
  73  7:06  Gateway  
  73  7:09  Psionic Storm  
  73  7:13  Gateway  
  73  7:19  Probe x2  
  73  7:21  High Templar  
  73  7:22  Gateway  
  74  7:24  Gateway  
  74  7:28  Zealot x2, High Templar  
  76  7:31  Shield Battery  
  76  7:37  Archon  
  76  7:38  Immortal (Chrono Boost)  
  80  7:45  Pylon  
  80  7:47  Gateway  
  78  7:54  Zealot x3  
  69  8:01  High Templar x2  
  73  8:07  Archon  
  73  8:12  Zealot x4  
  79  8:17  Zealot  
  79  8:18  Pylon  
  77  8:26  Zealot  
  79  8:31  Pylon  
  76  8:36  Zealot x4  
  58  8:51  Zealot x2  
  56  8:57  High Templar x2  
  56  8:58  Zealot x2  
  56  9:01  Zealot  
  56  9:02  Archon  
  66  9:06  Zealot  
  68  9:14  High Templar x2  
  72  9:22  High Templar x2  
  76  9:28  Pylon  
  76  9:31  Zealot x2  
  77  9:34  Zealot  
  76  9:47  Zealot x2  
  54  10:00  Zealot x4, Archon  

Tags
 
Add a new tag
Caveats
  • Supply blocks, unpowered buildings, or Contaminate may cause inaccurate times.
  • Supply counts are checked every 10 seconds.